TOP OF THE 1ST |
Buckhead Bowties batting - Pitching for Nashville Outlaws : RHP Ramón Flores
|
Pitching: RHP Ramón Flores
|
|
Batting: SHB Silvio Capitanio
|
0-0: Swinging Strike 0-1: Called Strike 0-2: Fly out, F7 (Flyball, 78M, EV 89.4 MPH)
|
Batting: LHB Marcus Shill
|
0-0: Foul Ball, location: 2F 0-1: Ball 1-1: Foul Ball, location: 2F 1-2: Fly out, F9 (Flyball, 89D, EV 85.6 MPH)
|
Batting: LHB Jesús Encarnación
|
0-0: Ball 1-0: Ball 2-0: Fly out, F6 (Line Drive, 6, EV 70.0 MPH)
|
Top of the 1st over - 0 runs, 0 hits, 0 errors, 0 left on base; Buckhead 0 - Nashville 0 |
BOTTOM OF THE 1ST |
Nashville Outlaws batting - Pitching for Buckhead Bowties : RHP Dave Becker
|
Pitching: RHP Dave Becker
|
|
Batting: LHB Daniel Page
|
0-0: Ground out 4-3 (Groundball, 4, EV 88.1 MPH)
|
Batting: LHB Juan Santángel
|
0-0: Called Strike 0-1: Called Strike 0-2: Ball 1-2: SINGLE (Groundball, 34D, EV 107.5 MPH)
|
Batting: LHB Nikolai Volkoff
|
0-0: SINGLE (Line Drive, 7LS, EV 92.5 MPH) Juan Santángel to second
|
Batting: RHB Shimei Miura
|
0-0: Foul Ball, location: 2F 0-1: Called Strike 0-2: Ball 1-2: Ball 2-2: Strikes out swinging
|
Batting: LHB Bartolo Soto
|
0-0: Ball 1-0: Fly out, F9 (Line Drive, 9, EV 95.0 MPH)
|
Bottom of the 1st over - 0 runs, 2 hits, 0 errors, 2 left on base; Buckhead 0 - Nashville 0 |
TOP OF THE 2ND |
Buckhead Bowties batting - Pitching for Nashville Outlaws : RHP Ramón Flores
|
Batting: RHB Hugh Mungus
|
0-0: Ball 1-0: Ground out 4-3 (Groundball, 3D, EV 105.6 MPH)
|
Batting: LHB Jared Schneider
|
0-0: Swinging Strike 0-1: Ground out 6-3 (Groundball, 56, EV 108.1 MPH)
|
Batting: RHB Félix Fernández
|
0-0: Fly out, F8 (Flyball, 8RS, EV 85.6 MPH)
|
Top of the 2nd over - 0 runs, 0 hits, 0 errors, 0 left on base; Buckhead 0 - Nashville 0 |
BOTTOM OF THE 2ND |
Nashville Outlaws batting - Pitching for Buckhead Bowties : RHP Dave Becker
|
Batting: RHB Broderick Sarcoma
|
0-0: Fly out, F8 (Line Drive, 8RD, EV 93.1 MPH)
|
Batting: RHB Jong-yun Rhee
|
0-0: Ball 1-0: Called Strike 1-1: SINGLE (Flyball, 9S, EV 88.1 MPH)
|
Batting: LHB Duff Eckstein
|
0-0: Called Strike 0-1: Foul Ball, location: 2F 0-2: Strikes out swinging
|
Batting: LHB Wilson Hernández
|
0-0: Foul Ball, location: 2F 0-1: Ball 1-1: Ball 2-1: Fly out, F8 (Flyball, 8RS, EV 78.1 MPH)
|
Bottom of the 2nd over - 0 runs, 1 hit, 0 errors, 1 left on base; Buckhead 0 - Nashville 0 |
TOP OF THE 3RD |
Buckhead Bowties batting - Pitching for Nashville Outlaws : RHP Ramón Flores
|
Batting: LHB Charles Godard
|
0-0: Ball 1-0: Foul Ball, location: 2F 1-1: Called Strike 1-2: Ball 2-2: Ball 3-2: Ground out 3-1 (Groundball, 3D, EV 90.6 MPH)
|
Batting: RHB Juan Barrón
|
0-0: Ball 1-0: Called Strike 1-1: Foul Ball, location: 2F 1-2: Foul Ball, location: 2F 1-2: Ball 2-2: SINGLE (Groundball, 6D, EV 99.4 MPH)
|
Batting: LHB Spencer Powell
|
0-0: Ball Juan Barrón steals 2nd base 1-0: Called Strike Juan Barrón steals 3rd base 1-1: Called Strike 1-2: Strikes out swinging
|
Batting: SHB Silvio Capitanio
|
0-0: Foul Ball, location: 2F 0-1: Called Strike 0-2: Ball 1-2: Strikes out looking
|
Top of the 3rd over - 0 runs, 1 hit, 0 errors, 1 left on base; Buckhead 0 - Nashville 0 |
BOTTOM OF THE 3RD |
Nashville Outlaws batting - Pitching for Buckhead Bowties : RHP Dave Becker
|
Batting: LHB Daniel Page
|
0-0: Called Strike 0-1: Called Strike 0-2: Strikes out swinging
|
Batting: LHB Juan Santángel
|
0-0: Called Strike 0-1: Foul Ball, location: 2F 0-2: SINGLE (Line Drive, 78M, EV 88.1 MPH)
|
Batting: LHB Nikolai Volkoff
|
0-0: Ball 1-0: Foul Ball, location: 2F 1-1: Fly out, F8 (Line Drive, 8LM, EV 95.0 MPH)
|
Batting: RHB Shimei Miura
|
0-0: Ball 1-0: Called Strike 1-1: Ball 2-1: Swinging Strike 2-2: Strikes out swinging
|
Bottom of the 3rd over - 0 runs, 1 hit, 0 errors, 1 left on base; Buckhead 0 - Nashville 0 |
TOP OF THE 4TH |
Buckhead Bowties batting - Pitching for Nashville Outlaws : RHP Ramón Flores
|
Batting: LHB Marcus Shill
|
0-0: Called Strike 0-1: Foul Ball, location: 2F 0-2: Foul Ball, location: 2F 0-2: Ball 1-2: Fly out, F7 (Flyball, 7LS, EV 98.1 MPH)
|
Batting: LHB Jesús Encarnación
|
0-0: Foul Ball, location: 2F 0-1: Foul Ball, location: 2F 0-2: Strikes out looking
|
Batting: RHB Hugh Mungus
|
0-0: Ball 1-0: Swinging Strike 1-1: Called Strike 1-2: Ball 2-2: Foul Ball, location: 2F 2-2: Strikes out swinging
|
Top of the 4th over - 0 runs, 0 hits, 0 errors, 0 left on base; Buckhead 0 - Nashville 0 |
BOTTOM OF THE 4TH |
Nashville Outlaws batting - Pitching for Buckhead Bowties : RHP Dave Becker
|
Batting: LHB Bartolo Soto
|
0-0: Foul Ball, location: 2F 0-1: Reached on error, E6 (Popup, 6S, EV 60.6 MPH)
|
Batting: RHB Broderick Sarcoma
|
0-0: Ball 1-0: Swinging Strike 1-1: Ball 2-1: Called Strike 2-2: Foul Ball, location: 2F 2-2: Ground out 3-1 (Groundball, 34S, EV 81.9 MPH) Bartolo Soto to second
|
Batting: RHB Jong-yun Rhee
|
0-0: Called Strike 0-1: Ball 1-1: Foul Ball, location: 2F 1-2: Strikes out swinging
|
Batting: LHB Duff Eckstein
|
0-0: Ball 1-0: Ground out 6-3 (Groundball, 6M, EV 108.1 MPH)
|
Bottom of the 4th over - 0 runs, 0 hits, 1 error, 1 left on base; Buckhead 0 - Nashville 0 |
TOP OF THE 5TH |
Buckhead Bowties batting - Pitching for Nashville Outlaws : RHP Ramón Flores
|
Batting: LHB Jared Schneider
|
0-0: Swinging Strike 0-1: SINGLE (Line Drive, 7S, EV 105.0 MPH)
|
Batting: RHB Félix Fernández
|
0-0: Called Strike 0-1: Bunted foul 0-2: Grounds into double play, 1-6-3 (Groundball, 13S, EV 72.5 MPH)
|
Batting: LHB Charles Godard
|
0-0: Ball 1-0: Called Strike 1-1: Ground out 5-3 (Groundball, 5, EV 103.1 MPH)
|
Top of the 5th over - 0 runs, 1 hit, 0 errors, 0 left on base; Buckhead 0 - Nashville 0 |
BOTTOM OF THE 5TH |
Nashville Outlaws batting - Pitching for Buckhead Bowties : RHP Dave Becker
|
Batting: LHB Wilson Hernández
|
0-0: Ball 1-0: Foul Ball, location: 2F 1-1: Foul Ball, location: 2F 1-2: Foul Ball, location: 2F 1-2: Ball 2-2: Foul Ball, location: 2F 2-2: DOUBLE (Line Drive, 7LS, EV 106.2 MPH)
|
Batting: LHB Daniel Page
|
0-0: Called Strike 0-1: Ball 1-1: Ball 2-1: Bunted foul 2-2: SINGLE (Flyball, 9S, EV 93.1 MPH) Wilson Hernández to third Runner from 3rd tries for Home, SAFE, throw by RF to home
|
Batting: LHB Juan Santángel
|
0-0: Foul Ball, location: 2F 0-1: Ball 1-1: Fly out, F2 (Popup, 25F, EV 81.2 MPH)
|
Batting: LHB Nikolai Volkoff
|
0-0: Called Strike 0-1: Foul Ball, location: 2F 0-2: Ball 1-2: Ball Daniel Page steals 2nd base 2-2: Foul Ball, location: 2F 2-2: Strikes out swinging
|
Batting: RHB Shimei Miura
|
0-0: Called Strike 0-1: Called Strike 0-2: Foul Ball, location: 2F 0-2: Ball 1-2: Strikes out swinging, 2-3 out at first.
|
Bottom of the 5th over - 1 run, 2 hits, 0 errors, 1 left on base; Buckhead 0 - Nashville 1 |
TOP OF THE 6TH |
Buckhead Bowties batting - Pitching for Nashville Outlaws : RHP Ramón Flores
|
Batting: RHB Juan Barrón
|
0-0: Ball 1-0: Ball 2-0: Swinging Strike 2-1: Called Strike 2-2: Foul Ball, location: 2F 2-2: Foul Ball, location: 2F 2-2: Strikes out swinging
|
Batting: LHB Spencer Powell
|
0-0: Ground out U3 (Groundball, 3, EV 103.8 MPH)
|
Batting: SHB Silvio Capitanio
|
0-0: Swinging Strike 0-1: Ball 1-1: Foul Ball, location: 2F 1-2: Foul Ball, location: 2F 1-2: Foul Ball, location: 2F 1-2: Strikes out swinging
|
Top of the 6th over - 0 runs, 0 hits, 0 errors, 0 left on base; Buckhead 0 - Nashville 1 |
BOTTOM OF THE 6TH |
Nashville Outlaws batting - Pitching for Buckhead Bowties : RHP Dave Becker
|
Batting: LHB Bartolo Soto
|
0-0: Called Strike 0-1: Called Strike 0-2: Ball 1-2: Fly out, F8 (Line Drive, 8LM, EV 88.1 MPH)
|
Batting: RHB Broderick Sarcoma
|
0-0: Ball 1-0: Foul Ball, location: 2F 1-1: Foul Ball, location: 2F 1-2: Ball 2-2: Foul Ball, location: 2F 2-2: DOUBLE (Groundball, 5L, EV 101.2 MPH)
|
Batting: RHB Jong-yun Rhee
|
0-0: Called Strike 0-1: Swinging Strike 0-2: Strikes out swinging
|
Batting: LHB Duff Eckstein
|
0-0: Foul Ball, location: 2F 0-1: Foul Ball, location: 2F 0-2: Foul Ball, location: 2F 0-2: Foul Ball, location: 2F 0-2: Strikes out swinging
|
Bottom of the 6th over - 0 runs, 1 hit, 0 errors, 1 left on base; Buckhead 0 - Nashville 1 |
TOP OF THE 7TH |
Buckhead Bowties batting - Pitching for Nashville Outlaws : RHP Ramón Flores
|
Batting: LHB Marcus Shill
|
0-0: Called Strike 0-1: Ball 1-1: Ground out 4-3 (Groundball, 4, EV 85.6 MPH)
|
Batting: LHB Jesús Encarnación
|
0-0: SINGLE (Line Drive, 8LS, EV 105.6 MPH)
|
Batting: RHB Hugh Mungus
|
0-0: Ball 1-0: Ball 2-0: Foul Ball, location: 2F 2-1: SINGLE (Line Drive, 89S, EV 98.8 MPH) Jesús Encarnación to second Runner from 2nd tries for 3rd, SAFE, no throw by CF
|
Batting: LHB Jared Schneider
|
0-0: 3-RUN HOME RUN (Line Drive, 89XD, EV 113.1 MPH), Distance : 409 ft
|
Batting: RHB Félix Fernández
|
0-0: Ball 1-0: Swinging Strike 1-1: Ball 2-1: Ball 3-1: Foul Ball, location: 2F 3-2: DOUBLE (Line Drive, 78XD, EV 111.2 MPH)
|
Batting: LHB Charles Godard
|
0-0: Ball 1-0: Ground out 4-3 (Groundball, 4, EV 91.9 MPH) Félix Fernández to third
|
Batting: RHB Juan Barrón
|
0-0: Foul Ball, location: 2F 0-1: Swinging Strike 0-2: SINGLE (Groundball, 34D, EV 103.1 MPH) Félix Fernández scores
|
Batting: LHB Spencer Powell
|
0-0: Ball Juan Barrón steals 2nd base 1-0: Called Strike 1-1: Ball 2-1: Ground out 6-3 (Groundball, 6, EV 103.1 MPH)
|
Top of the 7th over - 4 runs, 5 hits, 0 errors, 1 left on base; Buckhead 4 - Nashville 1 |
BOTTOM OF THE 7TH |
Nashville Outlaws batting - Pitching for Buckhead Bowties : RHP Dave Becker
|
Pitching: RHP Pascal Martin
|
|
Batting: LHB Wilson Hernández
|
0-0: Ball 1-0: Called Strike 1-1: Foul Ball, location: 2F 1-2: Hit by Pitch
|
Batting: LHB Daniel Page
|
0-0: Called Strike Wilson Hernández steals 2nd base 0-1: SINGLE (Groundball, 4MD, EV 103.1 MPH) Wilson Hernández to third
|
Batting: LHB Juan Santángel
|
0-0: Ball Wild Pitch! Wilson Hernández scores Daniel Page to second 1-0: SINGLE (Groundball, 4D, EV 103.1 MPH) Daniel Page to third
|
Pitching: RHP Omar Morales
|
|
Batting: LHB Nikolai Volkoff
|
0-0: Fly out, F7 (Flyball, 78M, EV 91.9 MPH) Runner from 3rd tags up, SCORES, throw by LF
|
Batting: RHB Shimei Miura
|
0-0: Swinging Strike 0-1: Ball 1-1: Ball 2-1: Called Strike 2-2: Ball 3-2: 2-RUN HOME RUN (Flyball, 9LD, EV 97.5 MPH), Distance : 331 ft
|
Batting: LHB Bartolo Soto
|
0-0: Called Strike 0-1: Ball 1-1: SINGLE (Groundball, 34S, EV 82.5 MPH) (infield hit)
|
Batting: RHB Broderick Sarcoma
|
0-0: Ball 1-0: Ball 2-0: Called Strike 2-1: Ball 3-1: Base on Balls Bartolo Soto to second
|
Batting: RHB Jong-yun Rhee
|
0-0: Called Strike 0-1: Swinging Strike 0-2: Ball 1-2: Ball 2-2: Ball 3-2: Strikes out swinging Broderick Sarcoma steals 2nd base Bartolo Soto steals 3rd base Batter strikes out.
|
Batting: LHB Duff Eckstein
|
0-0: Ball 1-0: Ball 2-0: Ball 3-0: Called Strike 3-1: SINGLE (Groundball, 56S, EV 69.4 MPH) (infield hit) Bartolo Soto scores Broderick Sarcoma to third
|
Batting: LHB Wilson Hernández
|
0-0: Swinging Strike 0-1: Foul Ball, location: 2F 0-2: Hit by Pitch Duff Eckstein to second
|
Batting: LHB Daniel Page
|
0-0: Called Strike 0-1: Ball 1-1: Called Strike 1-2: Foul Ball, location: 2F 1-2: Foul Ball, location: 2F 1-2: Foul Ball, location: 2F 1-2: SINGLE (Line Drive, 34D, EV 96.2 MPH) Broderick Sarcoma scores Duff Eckstein to third Wilson Hernández to second Runner from 3rd tries for Home, SAFE, no throw by RF
|
Pitching: LHP Jorge Oyas
|
|
Batting: LHB Juan Santángel
|
0-0: Foul Ball, location: 2F 0-1: Ball 1-1: Swinging Strike 1-2: Strikes out swinging
|
Bottom of the 7th over - 7 runs, 6 hits, 0 errors, 2 left on base; Buckhead 4 - Nashville 8 |
TOP OF THE 8TH |
Buckhead Bowties batting - Pitching for Nashville Outlaws : RHP Ramón Flores
|
Batting: SHB Silvio Capitanio
|
0-0: Foul Ball, location: 2F 0-1: SINGLE (Groundball, 34D, EV 98.8 MPH)
|
Batting: LHB Marcus Shill
|
0-0: Ball 1-0: Ball 2-0: Foul Ball, location: 2F 2-1: Swinging Strike 2-2: Foul Ball, location: 2F 2-2: Foul Ball, location: 2F 2-2: Foul Ball, location: 2F 2-2: 2-RUN HOME RUN (Flyball, 9D, EV 91.9 MPH), Distance : 356 ft
|
Pitching: RHP Gerald Plomp
|
|
Batting: LHB Jesús Encarnación
|
0-0: Ball 1-0: Ball 2-0: Ball 3-0: Called Strike 3-1: Base on Balls
|
Batting: RHB Hugh Mungus
|
0-0: Ball 1-0: Ground out 5-3 (Groundball, 56S, EV 62.5 MPH) Jesús Encarnación to second
|
Batting: LHB Jared Schneider
|
0-0: Ball 1-0: Foul Ball, location: 2F 1-1: SINGLE (Line Drive, 34D, EV 112.5 MPH) Jesús Encarnación to third Runner from 3rd tries for Home, SAFE, no throw by RF
|
Batting: RHB Félix Fernández
|
0-0: Swinging Strike 0-1: DOUBLE (Line Drive, 5D, EV 103.8 MPH) Jared Schneider to third
|
Batting: LHB Charles Godard
|
0-0: Swinging Strike 0-1: Ball 1-1: Ball 2-1: Swinging Strike 2-2: Ball 3-2: Fly out, F9 (Flyball, 9, EV 90.0 MPH) Runner from 3rd tags up, OUT at HOME! 9-2
|
Top of the 8th over - 3 runs, 4 hits, 0 errors, 1 left on base; Buckhead 7 - Nashville 8 |
BOTTOM OF THE 8TH |
Nashville Outlaws batting - Pitching for Buckhead Bowties : LHP Jorge Oyas
|
Batting: LHB Nikolai Volkoff
|
0-0: Ball 1-0: Swinging Strike 1-1: Ball 2-1: Ball 3-1: Base on Balls
|
Batting: RHB Shimei Miura
|
0-0: Called Strike 0-1: Fly out, F7 (Flyball, 7S, EV 87.5 MPH)
|
Batting: LHB Bartolo Soto
|
0-0: Ball 1-0: Ball 2-0: Ball 3-0: Called Strike 3-1: Base on Balls Nikolai Volkoff to second
|
Pinch Runner at 2nd Jiao-long Xú:
|
|
Batting: RHB Broderick Sarcoma
|
0-0: Called Strike 0-1: Ball 1-1: Ball 2-1: Ball 3-1: Base on Balls Jiao-long Xú to third Bartolo Soto to second
|
Batting: RHB Jong-yun Rhee
|
0-0: Called Strike 0-1: Called Strike 0-2: Strikes out swinging
|
Batting: LHB Duff Eckstein
|
0-0: Called Strike 0-1: Ball 1-1: Ball 2-1: Called Strike 2-2: Foul Ball, location: 2F 2-2: Strikes out swinging
|
Bottom of the 8th over - 0 runs, 0 hits, 0 errors, 3 left on base; Buckhead 7 - Nashville 8 |
TOP OF THE 9TH |
Buckhead Bowties batting - Pitching for Nashville Outlaws : RHP Gerald Plomp
|
Pitching: RHP Mark Zaugg
|
|
Now at 1B: Pat Deakin
|
|
Now at SS: Jiao-long Xú
|
|
Batting: RHB Juan Barrón
|
0-0: Called Strike 0-1: Ground out 6-3 (Groundball, 6, EV 98.8 MPH)
|
Batting: LHB Spencer Powell
|
0-0: Fly out, F7 (Flyball, 7LS, EV 95.0 MPH)
|
Batting: SHB Silvio Capitanio
|
0-0: Called Strike 0-1: Swinging Strike 0-2: Ball 1-2: Ball 2-2: Ball 3-2: Fly out, F8 (Flyball, 8LXD, EV 83.8 MPH)
|
Top of the 9th over - 0 runs, 0 hits, 0 errors, 0 left on base; Buckhead 7 - Nashville 8 |
|